[Event "Titled Tuesday Blitz November 01 Late 2022"]
[White "ChessBrah"]
[Black "Ekdyshman, Mikhail"]
[BlackFideId "4149416"]
[WhiteElo "2900"]
[BlackElo "2164"]
[Result "1-0"]
[Round "01"]
[TimeControl "180+1"]
[Date "2022.11.01"]
[WhiteClock "0:00:06"]
[BlackClock "0:00:01"]

1. Nf3 d5 2. g3 c6 3. Bg2 Nf6 4. O-O Bf5 5. d3 h6 6. c4 e6 7. Qb3 Qb6 8. Be3 Qxb3 9. axb3 a6 10. Nc3 Nbd7 11. h3 Bd6 12. Nd4 Bg6 13. cxd5 exd5 14. Nc2 O-O 15. b4 Rfe8 16. Bd4 Be5 17. f4 Bd6 18. g4 Bh7 19. Rf2 Nf8 20. f5 N6d7 21. e4 dxe4 22. dxe4 Bg3 23. Rd2 Bf4 24. Rdd1 f6 25. Kf2 Kh8 26. Na4 Bg8 27. Ra3 Be5 28. Nc5 Rab8 29. Bf1 Red8 30. Bxe5 Nxe5 31. Rxd8 Rxd8 32. Ke3 b6 33. Nxa6 Bc4 34. Be2 Bxe2 35. Kxe2 Nc4 36. Rd3 Re8 37. Rd4 Nxb2 38. Ne3 Na4 39. Kf3 c5 40. Rd6 cxb4 41. Nxb4 Nc5 42. Rd4 Nfd7 43. Nc4 b5 44. Nd6 Re7 45. Nc6 Ne5+ 46. Nxe5 fxe5 47. Rd5 Nb3 48. Nxb5 Rb7 49. Ke3 Kh7 50. Rxe5 Rd7 51. h4 Rd1 52. Re7 Re1+ 53. Kf2 Rb1 54. f6 1-0


[Site "https://www.chess.com"]

[Event "Titled Tuesday Blitz November 01 Late 2022"]
[White "Chigaev, Maksim"]
[Black "Poliakova, Varvara"]
[WhiteFideId "4108116"]
[BlackFideId "13518313"]
[WhiteElo "2537"]
[BlackElo "1938"]
[Result "1-0"]
[Round "01"]
[TimeControl "180+1"]
[Date "2022.11.01"]
[WhiteClock "0:01:13"]
[BlackClock "0:01:10"]

1. Nf3 f5 2. d3 d6 3. e4 Nf6 4. Nc3 e5 5. g3 Nc6 6. Bh3 fxe4 7. Bxc8 Qxc8 8. dxe4 Qh3 9. Bg5 Be7 10. Bxf6 Bxf6 11. Nd5 O-O-O 12. c3 Rhf8 13. Qe2 Qg4 14. Nd2 Qxe2+ 15. Kxe2 Ne7 16. h4 c6 17. Nxe7+ Bxe7 18. Nc4 Kc7 19. Rad1 Bf6 20. Ne3 h5 21. Rd3 Rd7 22. Rhd1 g6 23. a4 a5 24. Nc4 Be7 25. Nxe5 Rdd8 26. Nxg6 Rf7 27. Nf4 Rh8 28. c4 Rh6 29. c5 Bxh4 30. Rxd6 Rxd6 31. cxd6+ Kd7 32. e5 1-0


[Site "https://www.chess.com"]

[Event "Titled Tuesday Blitz November 01 Late 2022"]
[White "Coelho, Ramyres Santana"]
[Black "Ashiku, Franc"]
[WhiteFideId "2120690"]
[BlackFideId "4700066"]
[WhiteElo "1888"]
[BlackElo "2306"]
[Result "0-1"]
[Round "01"]
[TimeControl "180+1"]
[Date "2022.11.02"]
[WhiteClock "0:01:05"]
[BlackClock "0:00:33"]

1. e4 a6 2. d4 d5 3. Nc3 dxe4 4. Nxe4 g6 5. Nf3 Bg7 6. Be2 Nf6 7. Nxf6+ exf6 8. Be3 O-O 9. Qd2 Re8 10. O-O-O Be6 11. Kb1 Qd5 12. c4 Bf5+ 13. Ka1 Qd7 14. Nh4 a5 15. Nxf5 Qxf5 16. g4 Qd7 17. h4 a4 18. g5 a3 19. b3 f5 20. Kb1 Nc6 21. d5 Ne5 22. Bd4 Rad8 23. f4 Ng4 24. Bxg4 Bxd4 25. Qxd4 fxg4 26. h5 Qf5+ 27. Ka1 Re4 28. Qc3 Qxf4 29. hxg6 fxg6 30. Rde1 Rde8 31. Rxe4 Rxe4 32. Re1 Rxe1+ 33. Qxe1 Qd4+ 34. Kb1 Qb2# 0-1


[Site "https://www.chess.com"]

[Event "Titled Tuesday Blitz November 01 Late 2022"]
[White "Constantinou, Peter"]
[Black "Leitao, Rafael"]
[WhiteFideId "413038"]
[BlackFideId "2101246"]
[WhiteElo "2230"]
[BlackElo "2609"]
[Result "0-1"]
[Round "01"]
[TimeControl "180+1"]
[Date "2022.11.02"]
[WhiteClock "0:02:05"]
[BlackClock "0:01:56"]

1. e4 c5 2. Nf3 d6 3. Bb5+ Nc6 4. O-O Bd7 5. Re1 Nf6 6. c3 a6 7. Bf1 Bg4 8. h3 Bxf3 9. Qxf3 g6 10. a4 Bg7 11. Na3 O-O 12. Nc4 Nd7 13. a5 Nde5 14. Nxe5 Bxe5 15. d3 Nxa5 16. Bh6 Re8 17. Qg4 Nc6 18. f4 Bg7 19. Bxg7 Kxg7 20. g3 e6 21. f5 Qf6 22. fxe6 Ne5 23. Qf4 Nf3+ 0-1


[Site "https://www.chess.com"]

[Event "Titled Tuesday Blitz November 01 Late 2022"]
[White "D`Arruda, Ricardo D."]
[Black "Gokerkan, Cem Kaan"]
[WhiteFideId "100692"]
[BlackFideId "6336760"]
[WhiteElo "2476"]
[BlackElo "2365"]
[Result "0-1"]
[Round "01"]
[TimeControl "180+1"]
[Date "2022.11.02"]
[WhiteClock "0:00:03"]
[BlackClock "0:00:05"]

1. d4 g6 2. e4 Bg7 3. Nc3 d6 4. Nf3 a6 5. Bg5 h6 6. Bh4 b5 7. Qd2 Bb7 8. O-O-O b4 9. Nd5 a5 10. Bd3 Nd7 11. Rhe1 g5 12. Bg3 e6 13. Ne3 Ne7 14. c3 bxc3 15. bxc3 Nf6 16. h4 Nxe4 17. Bxe4 Bxe4 18. hxg5 Bxf3 19. gxh6 Bxh6 20. gxf3 Qd7 21. f4 Rb8 22. Ng4 Qa4 23. Nf6+ Kd8 24. Qd3 Nf5 25. Rd2 Qa3+ 26. Kd1 Bg7 27. Ne4 Rb2 28. Rxb2 Qxb2 29. Qc2 Qb5 30. Ng5 Ke7 31. Kd2 Qd5 0-1


[Site "https://www.chess.com"]

[Event "Titled Tuesday Blitz November 01 Late 2022"]
[White "Danielyan, Vahe"]
[Black "Silva, Caio Henrique Angelico"]
[WhiteFideId "13304828"]
[BlackFideId "22777210"]
[WhiteElo "2421"]
[BlackElo "1990"]
[Result "0-1"]
[Round "01"]
[TimeControl "180+1"]
[Date "2022.11.02"]
[WhiteClock "0:01:07"]
[BlackClock "0:00:43"]

1. e4 c6 2. Nc3 d5 3. Nf3 Bg4 4. h3 Bxf3 5. Qxf3 e6 6. d4 Nf6 7. Bg5 Be7 8. O-O-O dxe4 9. Nxe4 Nxe4 10. Bxe7 Qxe7 11. Qxe4 Nd7 12. Bc4 Nf6 13. Qe2 O-O-O 14. Rhe1 Qd6 15. g3 c5 16. dxc5 Qxc5 17. Bb3 Rxd1+ 18. Rxd1 Rd8 19. Qc4 Qxc4 20. Bxc4 Ne4 21. Rxd8+ Kxd8 22. Bd3 Nxf2 23. Bxh7 Nxh3 24. Be4 b6 25. Kd2 Ke7 26. a4 Kd6 27. b4 Ng5 28. Bg2 f5 29. Ke3 e5 30. c4 Ne6 31. Bh3 f4+ 32. gxf4 exf4+ 33. Kd3 g5 34. Bg4 Nf8 35. Ke4 Ng6 36. Kf5 Ne5 37. Be2 f3 38. Bf1 g4 39. Kf4 Ke6 40. a5 bxa5 41. bxa5 Kd6 42. c5+ Kxc5 43. Kxe5 g3 0-1


[Site "https://www.chess.com"]

[Event "Titled Tuesday Blitz November 01 Late 2022"]
[White "Deac, Bogdan-Daniel"]
[Black "Sohal, Tanraj"]
[WhiteFideId "1226380"]
[BlackFideId "2608499"]
[WhiteElo "2648"]
[BlackElo "2200"]
[Result "1-0"]
[Round "01"]
[TimeControl "180+1"]
[Date "2022.11.01"]
[WhiteClock "0:00:07"]
[BlackClock "0:01:11"]

1. d4 d5 2. Nf3 c6 3. Bf4 Nf6 4. e3 Bf5 5. c4 Qb6 6. Qc1 e6 7. Nc3 Ne4 8. Be2 Be7 9. O-O O-O 10. c5 Qd8 11. b4 Nd7 12. Nxe4 Bxe4 13. Nd2 Bg6 14. b5 f6 15. bxc6 bxc6 16. Qa3 e5 17. Bg3 Bf7 18. Rab1 Re8 19. Bg4 Bf8 20. Qa6 Be6 21. Bxe6+ Rxe6 22. Nf3 Qc8 23. Qxc8 Rxc8 24. Rb7 Re7 25. Rfb1 exd4 26. exd4 g5 27. Rxa7 h6 28. h3 Bg7 29. Rbb7 Rd8 30. Bd6 Rf7 31. Rc7 f5 32. Rxc6 Nf8 33. Rxf7 Kxf7 34. Ne5+ Bxe5 35. Bxe5 Ne6 36. Rd6 Ra8 37. Rxd5 Rxa2 38. Rd7+ Kg6 39. Rd6 Kf7 40. c6 Ra1+ 41. Kh2 Rc1 42. d5 Nc5 43. c7 Ne4 44. Rc6 Rxc6 45. dxc6 Kg6 46. c8=Q Nc5 47. Qe8+ Kh7 48. c7 Ne6 49. Qxe6 1-0


[Site "https://www.chess.com"]

[Event "Titled Tuesday Blitz November 01 Late 2022"]
[White "Djokic, Mihailo"]
[Black "Shapiro, Daniel"]
[WhiteFideId "976440"]
[BlackFideId "2001780"]
[WhiteElo "2315"]
[BlackElo "2277"]
[Result "1-0"]
[Round "01"]
[TimeControl "180+1"]
[Date "2022.11.02"]
[WhiteClock "0:00:02"]
[BlackClock "0:00:02"]

1. e4 e5 2. Nf3 Nc6 3. Nc3 Nf6 4. Bb5 Bb4 5. O-O d6 6. d3 O-O 7. Bg5 Bxc3 8. bxc3 Qe7 9. Re1 Nd8 10. d4 Ne6 11. Bh4 c5 12. dxe5 dxe5 13. Nxe5 Nc7 14. Nd3 Nxb5 15. e5 Bf5 16. exf6 Qd6 17. fxg7 Rfe8 18. Qf3 Bg6 19. Qxb7 Nxc3 20. Bg3 Qd4 21. h4 Ne2+ 22. Kh2 Nxg3 23. fxg3 Bxd3 24. cxd3 Qxd3 25. Rxe8+ Rxe8 26. Qxa7 c4 27. Qa4 Rc8 28. Qa6 Qd7 29. Rc1 c3 30. Qa3 Qc7 31. Qb3 c2 32. Qb2 Qc4 33. a3 Qc5 34. Kh1 Qc6 35. Kh2 Rc7 36. Qb4 Rc8 37. Qe7 1-0


[Site "https://www.chess.com"]

[Event "Titled Tuesday Blitz November 01 Late 2022"]
[White "Dzierzak, Radoslaw"]
[Black "Amburgy, Ryan"]
[WhiteFideId "1161407"]
[BlackFideId "30924820"]
[WhiteElo "2111"]
[BlackElo "2121"]
[Result "1-0"]
[Round "01"]
[TimeControl "180+1"]
[Date "2022.11.02"]
[WhiteClock "0:00:05"]
[BlackClock "0:00:07"]

1. e4 c6 2. Nf3 d5 3. Nc3 dxe4 4. Nxe4 Nf6 5. Qe2 Nxe4 6. Qxe4 Nd7 7. Bc4 Nf6 8. Ne5 e6 9. Qe2 b5 10. Bb3 Qc7 11. c3 Bd6 12. d4 O-O 13. O-O c5 14. Bf4 a5 15. Rad1 c4 16. Bc2 Nd5 17. Bg3 Bb7 18. Qh5 g6 19. Qh3 Rae8 20. Rde1 f5 21. f4 Nf6 22. Bh4 Ne4 23. Bg5 Bxe5 24. Bxe4 Bxd4+ 25. cxd4 Bxe4 26. Qh4 b4 27. Bf6 c3 28. Be5 Qb7 29. bxc3 bxc3 30. Rf2 Rc8 31. Rc1 c2 32. h3 Rf7 33. Qg3 Qb2 34. Qe3 Rc3 35. Qd2 Rd7 36. d5 Rxd5 37. Qxc3 Rd1+ 38. Rf1 Qb6+ 39. Kh2 Rd3 40. Qc8+ Kf7 41. Qh8 Qe3 42. Qg7+ Ke8 43. Rxc2 Qg3+ 44. Kg1 Qe3+ 45. Kh1 Rd8 46. Bf6 Qxh3+ 47. Kg1 Qe3+ 48. Rcf2 Qc5 49. Bxd8 Kxd8 50. Rd1+ Kc8 51. Qd7+ Kb8 52. Rd2 Qc1+ 53. Kh2 Qe1 54. Rb2+ Ka8 55. Qc8+ Ka7 56. Qb8+ Ka6 57. Qb6# 1-0


[Site "https://www.chess.com"]

[Event "Titled Tuesday Blitz November 01 Late 2022"]
[White "Eljanov, Pavel"]
[Black "Miszler, Levente"]
[WhiteFideId "14102951"]
[BlackFideId "763276"]
[WhiteElo "2601"]
[BlackElo "2176"]
[Result "0-1"]
[Round "01"]
[TimeControl "180+1"]
[Date "2022.11.01"]
[WhiteClock "0:00:16"]
[BlackClock "0:00:14"]

1. e4 e6 2. d3 d5 3. Nd2 Nf6 4. Ngf3 Be7 5. g3 c5 6. Bg2 Nc6 7. O-O O-O 8. e5 Nd7 9. Re1 Qc7 10. Qe2 b5 11. h4 Bb7 12. Nf1 Rfc8 13. N1h2 Qd8 14. h5 h6 15. Ng4 Bf8 16. Nh4 Nd4 17. Qd1 Nf5 18. Nxf5 exf5 19. Ne3 Nxe5 20. Nxf5 Qf6 21. Bf4 Re8 22. Ne3 Rad8 23. c3 Ba8 24. Ng4 Nxg4 25. Qxg4 d4 26. Bxa8 Rxa8 27. c4 bxc4 28. dxc4 Bd6 29. Bd2 Re6 30. Rxe6 Qxe6 31. Qxe6 fxe6 32. Re1 Kf7 33. b3 e5 34. Kg2 Re8 35. Kf3 Ke6 36. Ke4 Rf8 37. f3 Rf5 38. g4 Rf7 39. Rf1 a5 40. Rf2 a4 41. bxa4 Ra7 42. a5 Bc7 43. f4 exf4 44. Bxf4 Bxf4 45. Rxf4 Rxa5 46. Rf5 Kd6 47. g5 hxg5 48. Rd5+ Kc6 49. Rxg5 Rxa2 50. Rg6+ Kc7 51. Rxg7+ Kd6 52. Rg6+ Ke7 53. h6 Rh2 54. Rc6 Rh4+ 55. Kf5 d3 56. Rxc5 Rh5+ 57. Kg4 Rxc5 0-1


[Site "https://www.chess.com"]

[Event "Titled Tuesday Blitz November 01 Late 2022"]
[White "Ernst, Sipke"]
[Black "Ismayil, Malak"]
[WhiteFideId "1004689"]
[BlackFideId "13412604"]
[WhiteElo "2438"]
[BlackElo "1879"]
[Result "1/2-1/2"]
[Round "01"]
[TimeControl "180+1"]
[Date "2022.11.02"]
[WhiteClock "0:00:24"]
[BlackClock "0:00:06"]

1. Nf3 Nf6 2. Nc3 g6 3. e4 Bg7 4. d4 d6 5. Bg5 Nc6 6. Qd2 O-O 7. O-O-O a6 8. Bh6 b5 9. Bxg7 Kxg7 10. Bd3 Bg4 11. e5 dxe5 12. dxe5 Nh5 13. Be4 Qxd2+ 14. Rxd2 Bxf3 15. Bxf3 Nxe5 16. Bxa8 Rxa8 17. Re2 f6 18. g3 Kf7 19. Rd1 Ng7 20. f4 Nc6 21. Rd7 Ne6 22. Rd3 Ncd4 23. Re1 c5 24. Rde3 Rd8 25. Ne2 Rd6 26. Rd3 c4 27. Re3 Nf5 28. Rf3 Nc5 29. Nc3 b4 30. Nd1 a5 31. Rf2 Nd4 32. Re3 a4 33. a3 b3 34. cxb3 Nd3+ 35. Rxd3 cxd3 36. bxa4 Nb3+ 37. Kb1 Re6 38. Ka2 Nc1+ 39. Kb1 Nb3 40. Ka2 Nc1+ 41. Kb1 Nb3 1/2-1/2


[Site "https://www.chess.com"]

[Event "Titled Tuesday Blitz November 01 Late 2022"]
[White "Estrada Nieto, Julian"]
[Black "Drygalov, Sergey"]
[WhiteFideId "5101018"]
[BlackFideId "24171743"]
[WhiteElo "2252"]
[BlackElo "2528"]
[Result "0-1"]
[Round "01"]
[TimeControl "180+1"]
[Date "2022.11.02"]
[WhiteClock "0:00:03"]
[BlackClock "0:00:09"]

1. e4 c5 2. Nf3 d6 3. Bb5+ Nd7 4. d4 cxd4 5. Qxd4 a6 6. Bxd7+ Bxd7 7. Nc3 e5 8. Qd3 Rc8 9. a4 Qc7 10. Nd2 Nf6 11. Nf1 h6 12. Ne3 Be6 13. O-O Be7 14. Rd1 O-O 15. Bd2 Rfd8 16. Be1 Qc5 17. a5 Qc6 18. f3 Rd7 19. Bf2 Bf8 20. Bh4 g5 21. Bf2 Qc7 22. Rd2 Bc4 23. Nxc4 Qxc4 24. Ra4 Qxd3 25. Rxd3 Be7 26. Bb6 Nh5 27. g3 Nf6 28. g4 Nh7 29. Rd2 Nf8 30. Nd5 Ne6 31. Rb4 Kg7 32. Be3 Bd8 33. Bb6 Be7 34. c3 Rc6 35. Be3 Bd8 36. Bb6 Bxb6+ 37. Nxb6 Rd8 38. Nc4 Kf6 39. Ne3 Rd7 40. Nd5+ Kg7 41. Ne3 Kf6 42. Nf5 Rc5 43. Rxd6 Rxd6 44. Nxd6 Rxa5 45. Rxb7 Ra1+ 46. Kf2 Nf4 47. Rxf7+ Ke6 48. Rh7 Kxd6 49. Rxh6+ Kc5 50. h4 gxh4 51. Rxh4 Ra2 52. Kf1 Rxb2 53. Rh6 a5 54. Rh8 Rb6 55. Rc8+ Kb5 56. Re8 a4 57. Rxe5+ Kc4 58. Ra5 Kb3 59. g5 a3 60. Kf2 a2 61. Kg3 Ne2+ 62. Kg4 Nxc3 63. Rxa2 Nxa2 64. f4 Kc4 65. f5 Kd4 66. g6 Ke5 67. g7 Rb8 68. Kg5 Nc3 69. f6 Nxe4+ 70. Kg6 Nxf6 71. Kf7 Rg8 72. Kg6 Ke6 73. Kg5 Rxg7+ 74. Kf4 Rg4+ 75. Kf3 Ke5 76. Ke3 Nd5+ 77. Kf2 Ke4 78. Ke2 Rg2+ 79. Kf1 Kf3 80. Ke1 Ke3 81. Kf1 Rg3 82. Ke1 Rg1# 0-1


[Site "https://www.chess.com"]

[Event "Titled Tuesday Blitz November 01 Late 2022"]
[White "Fernandez Siles, Luis"]
[Black "Averjanov, Alexey"]
[WhiteFideId "2209420"]
[BlackFideId "14109867"]
[WhiteElo "2186"]
[BlackElo "2660"]
[Result "0-1"]
[Round "01"]
[TimeControl "180+1"]
[Date "2022.11.02"]
[WhiteClock "0:00:20"]
[BlackClock "0:01:47"]

1. e4 c6 2. d4 d5 3. exd5 cxd5 4. c4 Nf6 5. Nc3 e6 6. Nf3 Be7 7. cxd5 Nxd5 8. Bd3 Nc6 9. O-O O-O 10. Re1 Bf6 11. Be4 Nce7 12. Qd3 g6 13. Bh6 Bg7 14. Bxg7 Kxg7 15. Bxd5 Nxd5 16. Nxd5 Qxd5 17. Re5 Qd6 18. d5 exd5 19. Rxd5 Qf6 20. Ne5 Be6 21. Nd7 Bxd7 22. Rxd7 Qxb2 23. Rb1 Qxa2 24. Rdxb7 Rfd8 25. Qc3+ Kg8 26. g3 Qd5 27. h4 h5 28. Qc7 a5 29. Re1 Re8 30. Rxe8+ Rxe8 31. Kh2 Re1 32. Rb8+ Kh7 33. Rh8+ 0-1


[Site "https://www.chess.com"]

[Event "Titled Tuesday Blitz November 01 Late 2022"]
[White "Ferriz Barrios, Andres"]
[Black "Vlassov, Nikolai"]
[WhiteFideId "5104467"]
[BlackFideId "4103360"]
[WhiteElo "2229"]
[BlackElo "2324"]
[Result "0-1"]
[Round "01"]
[TimeControl "180+1"]
[Date "2022.11.02"]
[WhiteClock "0:01:55"]
[BlackClock "0:01:57"]

1. d4 Nf6 2. Nf3 e6 3. Nbd2 c5 4. e3 b6 5. c3 Bb7 6. Bd3 Be7 7. Nf1 d6 8. Ng3 Nbd7 9. O-O h5 10. Re1 h4 11. Nf1 Ne4 12. N3d2 Ndf6 13. f3 Nxd2 14. Nxd2 g5 15. e4 g4 16. e5 Nd5 17. exd6 Bxd6 18. Ne4 cxd4 19. cxd4 gxf3 20. Qxf3 Nb4 21. Bb5+ Kf8 22. a3 Nc2 23. Rf1 f5 24. Qg4 Rg8 25. Rxf5+ exf5 26. Qxf5+ Kg7 27. Nxd6 Qxd6 28. Qxc2 Qxd4+ 29. Kh1 Kh8 30. Bf1 h3 0-1


[Site "https://www.chess.com"]

[Event "Titled Tuesday Blitz November 01 Late 2022"]
[White "Freile Martin, Javier"]
[Black "Kouskoutis, Georgios-Alexandros"]
[WhiteFideId "3600165"]
[BlackFideId "4234049"]
[WhiteElo "2225"]
[BlackElo "2187"]
[Result "1-0"]
[Round "01"]
[TimeControl "180+1"]
[Date "2022.11.02"]
[WhiteClock "0:00:47"]
[BlackClock "0:00:01"]

1. c4 Nf6 2. Nc3 g6 3. d4 Bg7 4. e4 d6 5. Be2 O-O 6. Nf3 c5 7. d5 e6 8. h3 exd5 9. exd5 Re8 10. O-O Na6 11. Bd3 Nc7 12. Bf4 a6 13. a4 Nh5 14. Bg5 f6 15. Bd2 f5 16. Re1 Bd7 17. Rxe8+ Qxe8 18. Qe1 Qxe1+ 19. Rxe1 Re8 20. Rxe8+ Nxe8 21. a5 h6 22. g3 Kf7 23. Kg2 g5 24. Bc2 f4 25. g4 Nhf6 26. Ba4 Ke7 27. Bxd7 Nxd7 28. b3 Ne5 29. Nxe5 Bxe5 30. Ne4 Nf6 31. Nxf6 Kxf6 32. Kf3 Bd4 33. Be1 Ke5 34. Ke2 Bb2 35. Kd3 1-0


[Site "https://www.chess.com"]

[Event "Titled Tuesday Blitz November 01 Late 2022"]
[White "Galchenko, Matvey"]
[Black "Jaskolka, Tomasz"]
[WhiteFideId "24175480"]
[BlackFideId "1170791"]
[WhiteElo "2423"]
[BlackElo "2126"]
[Result "1-0"]
[Round "01"]
[TimeControl "180+1"]
[Date "2022.11.02"]
[WhiteClock "0:00:29"]
[BlackClock "0:00:02"]

1. f4 d5 2. Nf3 c6 3. g3 Bg4 4. Bg2 Qb6 5. d4 e6 6. O-O Bxf3 7. Bxf3 Nd7 8. e3 g6 9. c4 Bg7 10. Nc3 Ne7 11. b3 Qb4 12. Qd3 O-O 13. Bd2 dxc4 14. bxc4 Qd6 15. Ne4 Qc7 16. c5 Rfd8 17. Qc2 Nf5 18. Rab1 Nf6 19. Nf2 h5 20. Qa4 Nd5 21. Rfe1 Nde7 22. Qa3 b6 23. Rec1 Qb7 24. cxb6 axb6 25. Qb3 Nd5 26. a4 Qa7 27. Bd1 c5 28. a5 cxd4 29. axb6 Qxb6 30. Qxb6 Nxb6 31. e4 Nc8 32. exf5 gxf5 33. Bf3 Ra2 34. Be1 Nd6 35. Ra1 Rb2 36. Rd1 Nc4 37. Bxh5 Ne3 38. Rd2 Rb3 39. Ra7 f6 40. Bf7+ Kf8 41. Bxe6 Rb1 42. Nd3 Re8 43. Rf7+ Kg8 44. Rb7+ Kf8 45. Rxb1 Rxe6 46. Nc5 Re7 47. Rxd4 Nc2 48. Rd8+ Kf7 49. Rd7 Nxe1 50. Rxe1 Rxd7 51. Nxd7 Kg6 52. h3 Bh6 53. Kg2 Kh5 54. Kf3 Bg7 55. g4+ Kh4 56. gxf5 Bh6 57. Nxf6 Bg7 58. Re7 Bh6 59. Rh7 Kxh3 60. Rxh6# 1-0


[Site "https://www.chess.com"]

[Event "Titled Tuesday Blitz November 01 Late 2022"]
[White "Garayev, Kanan"]
[Black "Sai Krishna G V"]
[WhiteFideId "13406671"]
[BlackFideId "5028280"]
[WhiteElo "2244"]
[BlackElo "2359"]
[Result "1/2-1/2"]
[Round "01"]
[TimeControl "180+1"]
[Date "2022.11.02"]
[WhiteClock "0:00:08"]
[BlackClock "0:00:05"]

1. d4 Nf6 2. c4 g6 3. g3 Bg7 4. Bg2 O-O 5. Nc3 d6 6. Nf3 Nc6 7. O-O a6 8. Bf4 Rb8 9. Rc1 Bg4 10. h3 Bf5 11. d5 Na5 12. b3 c5 13. dxc6 Nxc6 14. Qd2 Qa5 15. Bh6 Ne4 16. Nxe4 Bxe4 17. Bxg7 Kxg7 18. Qxa5 Nxa5 19. Nd4 Bxg2 20. Kxg2 Rfc8 21. Rfd1 b5 22. cxb5 axb5 23. Rxc8 Rxc8 24. b4 Nb7 25. Nxb5 Rc2 26. a4 Rxe2 27. Ra1 Rb2 28. a5 Nxa5 29. Rxa5 Rxb4 30. Nc3 Rc4 31. Nd5 e6 32. Ne3 Rc3 33. Ra7 d5 34. Ng4 Rc8 35. Ne5 Rf8 36. g4 h6 37. h4 g5 38. h5 Kg8 39. Kf3 f5 40. Ng6 fxg4+ 41. Ke2 Rf3 42. Ne5 Rh3 43. Nxg4 Kf8 44. Nf6 d4 45. Rd7 e5 46. f3 Rh4 47. Ng4 e4 48. Rxd4 exf3+ 49. Kxf3 Rxh5 50. Ke4 Rh1 51. Rd7 Rf1 52. Ke5 h5 53. Nf6 g4 54. Ke6 Re1+ 55. Kf5 Re7 56. Rd8+ Kf7 57. Rh8 Kg7 58. Rh7+ Kf8 59. Rh8+ Kg7 60. Rh7+ Kf8 61. Rh6 g3 62. Rh8+ Kg7 63. Rg8+ Kf7 64. Rxg3 Ra7 65. Nd5 Ra5 66. Ke5 h4 67. Rh3 Ra4 68. Nf4 Ra5+ 69. Ke4 Ra4+ 70. Kf5 Ra5+ 71. Kg4 Ra4 72. Rxh4 Kf6 73. Rh6+ Ke5 74. Re6+ Kd4 75. Re1 Ra8 76. Ng6 Rg8 77. Kf5 Ra8 78. Rd1+ Ke3 79. Rd7 Kf3 80. Ne5+ Ke3 81. Rd3+ Ke2 82. Rb3 Ra4 83. Nc6 Kd2 84. Ke5 Kc2 85. Rh3 Kd2 86. Nd4 Ra8 87. Nf3+ Ke3 88. Ng5+ Kd2 89. Ne6 Ra5+ 90. Ke4 Ra4+ 91. Nd4 Ra8 92. Rd3+ Kc1 93. Rc3+ Kd2 94. Rc2+ Kd1 95. Rh2 Ra3 96. Nb5 Rg3 97. Kd4 Ke1 98. Nc3 Kf1 99. Ne4 Rg2 100. Rh7 Kg1 101. Ke3 Ra2 102. Ng5 Ra3+ 103. Kf4 Kg2 104. Ne4 Ra4 105. Rg7+ Kh3 106. Kf3 Ra3+ 107. Kf4 Ra4 108. Rg3+ Kh2 109. Rg4 Ra3 110. Ng5 Ra4+ 111. Ne4 Ra3 112. Rg8 Kh3 113. Nf2+ Kh2 114. Ng4+ Kh3 115. Ne3 Ra4+ 116. Kf3 Kh4 117. Nd5 Ra3+ 118. Ke4 Ra4+ 119. Kf5 Ra5 120. Ke5 Kh3 121. Ke4 Ra4+ 122. Kf3 1/2-1/2


[Site "https://www.chess.com"]

[Event "Titled Tuesday Blitz November 01 Late 2022"]
[White "Gareyev, Timur"]
[Black "Prydun, Andriy"]
[WhiteFideId "14200937"]
[BlackFideId "14145898"]
[WhiteElo "2552"]
[BlackElo "2163"]
[Result "1-0"]
[Round "01"]
[TimeControl "180+1"]
[Date "2022.11.02"]
[WhiteClock "0:02:02"]
[BlackClock "0:00:01"]

1. d4 Nf6 2. c4 c6 3. Bf4 d5 4. e3 e6 5. Nc3 Bd6 6. Bxd6 Qxd6 7. Nf3 b6 8. Qc2 Bb7 9. Ne5 Nbd7 10. f4 Rc8 11. O-O-O a6 12. e4 c5 13. exd5 exd5 14. Kb1 cxd4 15. Rxd4 Nxe5 16. Qe2 1-0


[Site "https://www.chess.com"]

[Event "Titled Tuesday Blitz November 01 Late 2022"]
[White "Gasparyan, David"]
[Black "Bjelobrk, Igor"]
[WhiteFideId "13311980"]
[BlackFideId "4300726"]
[WhiteElo "2379"]
[BlackElo "2335"]
[Result "0-1"]
[Round "01"]
[TimeControl "180+1"]
[Date "2022.11.02"]
[WhiteClock "0:00:07"]
[BlackClock "0:01:07"]

1. Nf3 d5 2. e3 Nf6 3. b3 g6 4. Bb2 Bg7 5. Be2 O-O 6. O-O b6 7. d3 Bb7 8. c4 e6 9. Nbd2 c5 10. Qc2 Nc6 11. a3 Rc8 12. Rad1 Qe7 13. Rfe1 Rfd8 14. Bf1 e5 15. e4 d4 16. g3 a6 17. Bh3 Rc7 18. Nf1 b5 19. Bc1 bxc4 20. bxc4 Rb8 21. Bd2 Bc8 22. Rb1 Rxb1 23. Rxb1 Bxh3 24. Qa4 Bc8 25. Rb6 Qd7 26. Qb3 Ne8 27. h4 Rb7 28. Rxb7 Qxb7 29. Qd1 Nd6 30. N1h2 Bd7 31. h5 Qb2 32. h6 Bf8 33. Nh4 Qxa3 34. Qf3 Qb2 35. Bg5 Qb7 36. Ng4 Bxg4 37. Qxg4 a5 38. f4 a4 39. f5 a3 40. fxg6 fxg6 41. Qe6+ Qf7 42. Qg4 a2 43. Qd1 Nb4 44. Nf3 Qxf3 45. Qa4 Qxg3+ 46. Kh1 Qxg5 0-1


[Site "https://www.chess.com"]

[Event "Titled Tuesday Blitz November 01 Late 2022"]
[White "Gatterer, Florian"]
[Black "Issani, Nameer"]
[WhiteFideId "811688"]
[BlackFideId "2619130"]
[WhiteElo "2218"]
[BlackElo "2629"]
[Result "0-1"]
[Round "01"]
[TimeControl "180+1"]
[Date "2022.11.02"]
[WhiteClock "0:01:04"]
[BlackClock "0:02:00"]

1. c4 e5 2. Nc3 Nf6 3. Nf3 Nc6 4. e3 d5 5. cxd5 Nxd5 6. Bb5 f6 7. Nxe5 fxe5 8. Qh5+ Ke7 9. Qxe5+ Nxe5 10. O-O Nxc3 11. bxc3 Qd5 12. Be2 Bg4 13. f3 Be6 14. d4 Ng6 15. e4 Qh5 16. d5 Bd7 17. Be3 Kd8 18. Rae1 Bd6 19. f4 Qh4 20. g3 Qh3 21. e5 Nh4 22. Rf2 Nf5 23. Bf1 Qh6 24. exd6 Nxe3 25. Rxe3 Qxd6 26. c4 Qc5 27. Ree2 Re8 28. Rd2 Re3 29. a4 Re1 30. a5 Bh3 31. a6 Rxf1# 0-1


[Site "https://www.chess.com"]

[Event "Titled Tuesday Blitz November 01 Late 2022"]
[White "Gheorghiu, Calin"]
[Black "Sarana, Alexey"]
[WhiteFideId "1200305"]
[BlackFideId "24133795"]
[WhiteElo "2225"]
[BlackElo "2689"]
[Result "1-0"]
[Round "01"]
[TimeControl "180+1"]
[Date "2022.11.01"]
[WhiteClock "0:00:13"]
[BlackClock "0:01:49"]

1. d4 Nf6 2. Bf4 d5 3. Nf3 c5 4. e3 Nc6 5. Nbd2 e6 6. c3 Nh5 7. Be5 f6 8. Bg3 g6 9. Bb5 Be7 10. O-O O-O 11. dxc5 Bxc5 12. e4 Bb6 13. exd5 exd5 14. Nb3 a6 15. Be2 Nxg3 16. hxg3 Qd6 17. c4 Be6 18. Rc1 Ba7 19. c5 Qc7 20. Nbd4 Bf7 21. Nxc6 bxc6 22. Nd4 a5 23. Qa4 Rfc8 24. Ba6 Rcb8 25. Qxc6 Qe5 26. Bb7 Qxd4 27. Bxa8 Rxb2 28. Qd7 Bb8 29. Rcd1 Qxc5 30. Bxd5 Bxd5 31. Qxd5+ Qxd5 32. Rxd5 Bc7 33. a4 Bb6 34. Rb5 Rxb5 35. axb5 Kf7 36. Rc1 Ke7 37. Rc6 Bd4 38. b6 Kd7 39. b7 Kxc6 40. b8=Q Bc5 41. Qa8+ Kb5 42. Qb7+ Kc4 43. Qa6+ Kb4 44. Kf1 a4 45. Ke2 a3 46. Kd3 Bxf2 47. Qc4+ Ka5 48. Qc3+ Kb5 49. Qxa3 Kc6 50. Qb3 Kd6 51. Ke4 Ke7 52. Kf3 Bc5 53. Qb7+ Kf8 54. Qxh7 g5 55. Qg6 Ke7 56. Ke4 1-0


[Site "https://www.chess.com"]

[Event "Titled Tuesday Blitz November 01 Late 2022"]
[White "Gireman, Ja"]
[Black "Firouzja, Alireza"]
[WhiteFideId "5043794"]
[BlackFideId "12573981"]
[WhiteElo "2153"]
[BlackElo "2903"]
[Result "0-1"]
[Round "01"]
[TimeControl "180+1"]
[Date "2022.11.01"]
[WhiteClock "0:01:35"]
[BlackClock "0:00:23"]

1. e4 e5 2. Nf3 Nc6 3. Bc4 Nf6 4. d4 exd4 5. O-O Nxe4 6. Re1 d5 7. Bxd5 Qxd5 8. Nc3 Qf5 9. Nxe4 Be6 10. Nxd4 Nxd4 11. Qxd4 Be7 12. Qa4+ b5 13. Qa5 Rc8 14. Qa4 bxa4 0-1


[Site "https://www.chess.com"]